 Dungeon Crawl Stone Soup version 0.17-a0-1849-g8a24fa2 (webtiles) character file.

442 Geeful the Insei (level 7, -6/50 HPs)
             Began as a Human Wanderer on Sept 18, 2015.
             Was an Initiate of Makhleb.
             Mangled by Duvessa
             ... wielding a +6 rapier of freezing
              (14 damage)
             ... on level 5 of the Dungeon.
             The game lasted 00:14:57 (4541 turns).

Geeful the Insei (Human Wanderer)                   Turns: 4541, Time: 00:14:57

Health: -6/50      AC:  8    Str: 11    XL:     7   Next: 23%
Magic:  7/7        EV: 10    Int: 19    God:    Makhleb [......]
Gold:   245        SH:  0    Dex: 14    Spells: 0 memorised, 6 levels left

rFire  . . .     SeeInvis .       - Unarmed
rCold  . . .     Clarity  .     e - +0 ring mail
rNeg   + . .     SustAt   .     (no shield)
rPois  .         Gourm    .     C - +0 helmet
rElec  .         Spirit   .     (no cloak)
rCorr  .         Warding  .     h - +0 pair of gloves
rMut   .         Stasis   .     (no boots)
MR     .....                    (no amulet)
Stlth  ++........               i - ring of stealth (curse)
                                a - ring of positive energy

@: brilliant, not resistant to hostile enchantments, unstealthy
A: no striking features
a: Renounce Religion


You were on level 5 of the Dungeon.
You worshipped Makhleb.
Makhleb was noncommittal.
You were very hungry.

You visited 2 branches of the dungeon, and saw 6 of its levels.

You collected 245 gold pieces.

Inventory:

Hand weapons
 b - a +0 blowgun
Missiles
 l - 23 arrows
 p - 10 tomahawks (quivered)
 y - 8 poisoned needles
Armour
 e - a +0 ring mail (worn)
 h - a +0 pair of gloves (worn)
 C - a +0 helmet (worn)
Jewellery
 a - a ring of positive energy (left hand)
 i - a cursed ring of stealth (right hand)
 o - an uncursed ring of stealth
Scrolls
 g - a scroll of teleportation {unknown}
 k - 2 scrolls of noise {unknown}
 n - a scroll of enchant weapon {unknown}
 r - a scroll of fear {unknown}
 s - 5 scrolls of identify {unknown}
 v - 4 scrolls of blinking {unknown}
 w - a scroll of immolation {unknown}
 x - a scroll of random uselessness {unknown}
 F - a scroll of enchant armour {unknown}
 G - a scroll of magic mapping {unknown}
Comestibles
 c - a beef jerky
 d - 3 slices of pizza
 f - a bread ration
 j - 2 meat rations
 B - 2 fruits


   Skills:
 - Level 2.0 Fighting
   Level 1.0 Bows
   Level 1.0 Crossbows
 - Level 4.0 Armour
 - Level 1.0 Stealth
 + Level 6.9 Unarmed Combat
   Level 1.0 Evocations


You had 6 spell levels left.
You didn't know any spells.

Dungeon Overview and Level Annotations

Branches:
Dungeon (5/15)             Temple (1/1) D:4

Altars:
Cheibriados
Makhleb
Okawaru
Qazlal
Sif Muna
Vehumet

Annotations:
D:5 Dowan, Duvessa


Message History

Duvessa freezes you.
Found 14 arrows.
You closely miss Duvessa.
Duvessa is heavily wounded.
Duvessa hits you with a rapier of freezing!
* * * LOW HITPOINT WARNING * * *
Duvessa freezes you.
* * * LOW HITPOINT WARNING * * *
Drink which item? (? for menu, Esc to quit)
It was a potion of brilliance.
You feel clever all of a sudden. Duvessa hits you but does no damage.
Drink which item? (? for menu, Esc to quit)
It was a potion of curing.
You feel better.
Duvessa hits you with a rapier of freezing.
* * * LOW HITPOINT WARNING * * *
Duvessa freezes you.
* * * LOW HITPOINT WARNING * * *
Duvessa hits you with a rapier of freezing!
You die...

#.. ... #.# #.#
#.# ##### #.#
......#########.#
#..@e.e.<((.#
#..#######.## #..
#.# #.. #.. #(.
#..# #.. #..# #..
...# ##. #.##


You could see Duvessa and Dowan.

Vanquished Creatures
  A phantom (D:4)
  An ogre (D:4)
  2 orc wizards
  A hound (D:4)
  Robin (D:4)
  3 adders
  An ooze (D:4)
  3 giant geckos
  22 orcs
  5 giant cockroaches
  14 goblins
  10 hobgoblins
  A quokka (D:3)
  5 bats
  4 giant newts
  6 jackals (D:4)
  10 kobolds
  12 rats
102 creatures vanquished.

Notes
Turn   | Place    | Note
--------------------------------------------------------------
     0 | D:1      | Geeful the Human Wanderer began the quest for the Orb.
     0 | D:1      | Geeful set off with: a +2 shortbow, 26 arrows, a +0 hand crossbow, 25 bolts, a +0 ring mail, a bread ration
     0 | D:1      | Reached XP level 1. HP: 16/16 MP: 1/1
   108 | D:1      | Reached skill level 1 in Unarmed Combat
   389 | D:1      | Reached XP level 2. HP: 9/22 MP: 2/2
  1000 | D:2      | Found a radiant altar of Vehumet.
  1018 | D:2      | Reached XP level 3. HP: 27/27 MP: 3/3
  1142 | D:2      | Found a stormy altar of Qazlal.
  1849 | D:3      | Reached XP level 4. HP: 20/33 MP: 4/4
  2265 | D:3      | Found a snail-covered altar of Cheibriados.
  2629 | D:3      | Reached XP level 5. HP: 33/38 MP: 5/5
  2651 | D:4      | Noticed Robin
  2736 | D:4      | Killed Robin
  2893 | D:4      | Reached skill level 5 in Unarmed Combat
  3126 | D:4      | Reached XP level 6. HP: 41/44 MP: 6/6
  3211 | D:4      | Found a staircase to the Ecumenical Temple.
  3228 | Temple   | Entered the Ecumenical Temple
  3294 | Temple   | Became a worshipper of Makhleb the Destroyer
  3548 | D:4      | Noticed an ogre
  3560 | D:4      | Killed an ogre
  3560 | D:4      | Reached skill level 6 in Unarmed Combat
  4409 | D:4      | Reached XP level 7. HP: 31/50 MP: 7/7
  4476 | D:5      | Entered Level 5 of the Dungeon
  4477 | D:5      | Noticed Dowan
  4480 | D:5      | Noticed Duvessa
  4541 | D:5      | Mangled by Duvessa

Vault maps used:
D:1:      minmay_arrival_hallway, minmay_misc_feat_nine_boxes,
          minmay_stone_trees_medium, st_stairs_13
D:2:      lemuel_crystal_altar, nicolae_qazlal_general_emergency
D:3:      cheibriados_altar_1
D:4:      minmay_temple_entry_large_hall, uniq_robin
D:5:      lemuel_round_altar, nicolae_ossuary_entry_monument, first_bread,
          serial_shops, shop, uniq_pikel, uniq_duvessa
Temple:   minmay_temple_curvy_8

Action                   |  1- 3 |  4- 6 |  7- 9 || total
-------------------------+-------+-------+-------++-------
Melee: Unarmed           |   192 |   309 |     1 ||   502
 Fire: Blowgun           |       |     8 |     3 ||    11
Throw: Tomahawk          |       |     1 |       ||     1
  Use: Potion            |       |     6 |     2 ||     8
 Stab: Sleeping          |     4 |     2 |       ||     6
       Distracted        |       |     2 |       ||     2
  Eat: Chunk             |     3 |     8 |       ||    11
